 Dungeon Crawl Stone Soup version 0.28.0-1-gb440e238dd (webtiles) character file.

Game seed: 15665533485926701284

7270 issech the Basher (level 10, -2/90 HPs)
             Began as a Troll Monk on Feb 24, 2022.
             Was an Elder of Hepliaklqana.
             Slain by a two-headed ogre (13 damage)
             ... on level 9 of the Dungeon on Feb 25, 2022.
             The game lasted 00:35:03 (8124 turns).

issech the Basher (Troll Monk)                      Turns: 8124, Time: 00:35:04

Health: -2/90      AC:  9    Str: 21    XL:     10   Next: 89%
Magic:  9/9        EV: 13    Int:  6    God:    Hepliaklqana [****..]
Gold:   589        SH:  0    Dex: 22    Spells: 9/9 levels left

rFire   . . .      SeeInvis .   w - +6 giant spiked club (spect)
rCold   . . .      Faith    .   (shield currently unavailable)
rNeg    . . .      Spirit   .   A - +0 acid dragon scales
rPois   .          Reflect  .   (helmet restricted)
rElec   .          Harm     .   S - +0 cloak
rCorr   +          Rampage  .   (gloves unavailable)
Will    +....                   (boots unavailable)
Stlth   +++.......              v - amulet of magic regeneration
HPRegen 1.05/turn               o - +6 ring of dexterity
MPRegen 0.51/turn               z - ring of willpower

@: slowed, very slow
A: reduced essence, large, unfitting armour, claws 3, regeneration 1, shaggy fur
1, tough skin 1
a: Renounce Religion, Recall Ancestor, Ancestor Identity, Transference, Idealise


You were on level 9 of the Dungeon.
You worshipped Hepliaklqana.
Hepliaklqana was greatly pleased with you.
You visited 2 branches of the dungeon, and saw 10 of its levels.
You also visited: Ossuary.

You collected 589 gold pieces.

Inventory:

Hand Weapons
 w - a +6 spectral giant spiked club (weapon)
 K - a +0 hand crossbow
 Q - a +0 flail of draining
 Z - a +0 hunting sling
Missiles
 c - 304 stones (quivered)
 h - 117 arrows
 i - a curare-tipped dart
 k - 74 sling bullets
 n - 18 poisoned darts
 x - 53 bolts
 I - 2 datura-tipped darts
Armour
 b - a +0 robe
 A - +0 acid dragon scales (worn)
 M - +1 steam dragon scales
 S - a +0 cloak (worn)
Magical Staves
 G - a staff of air
Jewellery
 o - a +6 ring of dexterity (left claw)
 v - an amulet of magic regeneration (around neck)
 z - a ring of willpower (right claw)
Wands
 u - a wand of iceblast (7)
 y - a wand of flame (2)
 B - a wand of digging (6)
 H - a wand of polymorph (10)
 U - a wand of mindburst (10)
 X - a wand of paralysis (12)
Scrolls
 a - 2 scrolls of noise
 l - a scroll of summoning
 m - a scroll of torment
 p - 2 scrolls of amnesia
 q - a scroll of fear
 s - 2 scrolls of enchant armour
 t - a scroll of magic mapping
 C - 2 scrolls of immolation
 F - a scroll of blinking
 J - 2 scrolls of vulnerability
 R - 3 scrolls of teleportation
Potions
 d - 4 potions of brilliance
 e - 3 potions of curing
 f - a potion of resistance
 g - 3 potions of haste
 j - 2 potions of ambrosia {unknown}
 r - 2 potions of degeneration {unknown}
 D - 2 potions of attraction {unknown}
 E - 5 potions of mutation {unknown}
 L - 2 potions of heal wounds {unknown}
 N - 2 potions of lignification {unknown}
 Y - a potion of might
Miscellaneous
 O - a condenser vane


   Skills:
 + Level 6.3 Fighting
 + Level 0.8 Short Blades
 + Level 11.2 Maces & Flails
 + Level 1.0 Throwing
 + Level 0.8 Armour
 + Level 6.4 Dodging
 + Level 4.0 Stealth


You had 9 spell levels left.
You didn't know any spells.
Your spell library contained the following spells:

 Spells                   Type           Power      Damage    Failure   Level
 Animate Skeleton         Necr           0%         N/A       54%         1
 Apportation              Tloc           0%         N/A       54%         1
 Pain                     Necr           0%         1d4       54%         1
 Summon Small Mammal      Summ           0%         N/A       54%         1
 Tukima's Dance           Hex            0%         N/A       88%         3
 Vampiric Draining        Necr           0%         2d6       88%         3
 Passage of Golubria      Tloc           0%         N/A       99%         4
 Yara's Violent Unravell  Hex/Tmut       0%         3d3       100%        5


Dungeon Overview and Level Annotations

Branches:
Dungeon (9/15)             Temple (1/1) D:4            Lair (0/6) D:9
Ossuary (visited)
    Orc: D:9-12

Altars:
Ashenzari
Cheibriados
Dithmenos
Elyvilon
Fedhas
Gozag
Hepliaklqana
Kikubaaqudgha
Makhleb
Nemelex Xobeh
Okawaru
Qazlal
Ru
Trog
Uskayaw
Vehumet
Wu Jian
Xom
Yredelemnul
Zin
The Shining One

Shops:
D:2 (   D:8 *==?

Annotations:
D:8 exclusion: ice statue
D:9 2 runed translucent doors


Innate Abilities, Weirdness & Mutations

Your life essence is reduced to manifest your ancestor. (-10% HP)
You are too large for most types of armour.
You have claws for hands.
Your natural rate of healing is unusually fast.
You are covered in fur. (AC +1)
You have tough skin. (AC +1)


Message History

The centaur warrior wields a +0 shortbow.
The centaur warrior shoots an arrow.
The arrow hits you!
Tiberius points at the centaur warrior and mumbles some strange words.
The stone arrow hits the centaur warrior!
The centaur warrior dies!
Your Maces & Flails skill increases to level 11!
Your Stealth skill increases to level 4!
You impale the howler monkey!!
You kill the howler monkey!
The kobold brigand hits you with a +0 short sword.
Tiberius gestures at the kobold brigand while chanting.
The puff of frost hits the kobold brigand!
Unknown command.
You puncture the wraith!
The wraith is moderately damaged.
The wraith hits you.
The kobold brigand hits you with a +0 short sword.
You hit the wraith.
The wraith is moderately damaged.
The wraith hits you. The wraith drains your vigour!
You feel yourself slow down. The kobold brigand closely misses you.
The wraith misses you. The kobold brigand barely misses you.
You sock the wraith!
The wraith is severely damaged.
The wraith hits you but does no damage.
The kobold brigand hits you but does no damage.
You puncture the wraith!
You destroy the wraith!
The kobold brigand misses you. The kobold brigand closely misses you.
You bludgeon the two-headed ogre!!
The two-headed ogre is heavily wounded.
The kobold brigand hits you with a +0 short sword.
The two-headed ogre hits you with a +0 giant club!!
The two-headed ogre hits you with a +0 giant club.
The orc warrior hits you from afar with a +0 halberd!
* * * LOW HITPOINT WARNING * * *
The kobold brigand hits you with a +0 short sword.
* * * LOW HITPOINT WARNING * * *
The two-headed ogre hits you with a +0 giant club!
You die...

##.#.#.##.#.##
#.##..#..#.#
##.#.##.#..#
#.###.....#
##.##.....###
#.#........##
########.#.........##
#.#######.##..........#
#.+.oO@R##...........#
###ZyK####...........#
##.Yo###......<.....#
##..Z###....>.......#
###+###.............#
###.###......).....##
#. #......#.....##
#.##....#####.###
#.....# .#


You could see the friendly Tiberius the battlemage, a two-headed ogre, a yak, an
orc warrior, a vampire mosquito, a kobold brigand (ally target), an orc wizard
and 2 centaur zombies.

Vanquished Creatures
  A two-headed ogre (D:8)
  A hornet (D:9)
  A wraith (D:9)
  A wyvern (D:9)
  3 steam dragons
  Menkaure (D:6)
  Edmund (D:6)
  An acid dragon (D:9)
  A sky beast (D:8)
  3 black bears
  A necrophage (D:7)
  3 centaurs
  2 kobold brigands (D:8)
  2 bullfrogs
  2 wyvern zombies
  5 water moccasin zombies (Ossuary)
  Dowan (D:6)
  3 killer bees
  4 howler monkeys
  2 bullfrog zombies
  4 centaur zombies
  3 centaur skeletons
  A jelly (D:7)
  A gnoll shaman (D:7)
  4 orc priests
  A hound (D:4)
  Natasha (D:4)
  An iguana (D:6)
  3 orc wizards
  A hound zombie (D:5)
  A hound skeleton (D:4)
  3 gnolls (D:7)
  3 adders
  An ufetubus (D:4)
  3 adder zombies (Ossuary)
  An adder skeleton (D:4)
  A dart slug (D:1)
  8 orcs
  3 endoplasms
  A giant cockroach (D:4)
  2 gnoll zombies (Ossuary)
  6 goblins
  3 hobgoblins
  3 quokkas
  3 ball pythons
  3 bats
  6 frilled lizards
  4 hobgoblin zombies (Ossuary)
  8 kobolds
  2 kobold zombies (Ossuary)
  4 orc zombies (Ossuary)
  5 rats
133 creatures vanquished.

Vanquished Creatures (collateral kills)
  A centaur warrior (D:9)
  A two-headed ogre (D:8)
  Joseph (D:7)
  A steam dragon (D:8)
  Duvessa (D:6)
  A water moccasin (D:7)
  2 sky beasts
  An ice beast (D:5)
  A centaur (D:5)
  2 ogres (D:5)
  A scorpion (D:5)
  2 water moccasin zombies
  3 killer bees (D:5)
  A howler monkey (D:8)
  2 hounds
  3 orc priests
  An iguana (D:4)
  Natasha (twice) (D:4)
  2 orc wizards
  2 mummies (Ossuary)
  2 adders
  A shadow imp (D:8)
  2 white imps
  8 orcs
  3 gnoll zombies (Ossuary)
  A quokka (D:4)
  A hobgoblin zombie (Ossuary)
  A kobold (D:8)
  2 kobold zombies (Ossuary)
52 creatures vanquished.

Vanquished Creatures (others)
  3 battlemagi
  A plant (D:2)
4 creatures vanquished.

Grand Total: 189 creatures vanquished

Notes
Turn   | Place    | Note
-------+----------+-------------------------------------------
     0 | D:1      | issech the Troll Monk began the quest for the Orb.
     0 | D:1      | Reached XP level 1. HP: 22/22 MP: 0/0
   127 | D:1      | Reached XP level 2. HP: 29/29 MP: 1/1
   187 | D:1      | You fall into a shaft and drop 1 floor!
   354 | D:2      | Found an ornate altar of the Wu Jian Council.
   544 | D:2      | Found Deiqokh's Antique Weapon Shoppe.
   693 | D:2      | Reached skill level 3 in Maces & Flails
   693 | D:2      | Reached XP level 3. HP: 30/36 MP: 2/2
  1600 | D:3      | Noticed a black bear
  1618 | D:3      | Killed a black bear
  1619 | D:3      | Reached XP level 4. HP: 31/45 MP: 3/3
  1833 | D:3      | Found a hazy altar of Hepliaklqana.
  1838 | D:3      | Became a worshipper of Hepliaklqana the Forgotten
  1838 | D:3      | Reached * piety under Hepliaklqana
  1838 | D:3      | Reached ** piety under Hepliaklqana
  1839 | D:3      | Remembered your ancestor Tiberius as a battlemage
  1936 | D:3      | Reached XP level 5. HP: 39/47 MP: 4/4
  2040 | D:4      | Noticed Natasha
  2048 | D:4      | Killed Natasha
  2049 | D:4      | Reached skill level 4 in Maces & Flails
  2083 | D:4      | Noticed Natasha
  2092 | D:4      | Killed Natasha
  2104 | D:4      | Reached XP level 6. HP: 22/54 MP: 5/5
  2466 | D:4      | Found a staircase to the Ecumenical Temple.
  2490 | Temple   | Entered the Ecumenical Temple
  3102 | D:4      | Noticed Natasha
  3108 | D:4      | Killed Natasha
  3208 | D:5      | Entered Level 5 of the Dungeon
  3248 | D:5      | Reached skill level 5 in Maces & Flails
  3250 | D:5      | Reached XP level 7. HP: 41/61 MP: 6/6
  3478 | D:5      | Reached skill level 6 in Maces & Flails
  3581 | D:5      | Found an ancient bone altar of Kikubaaqudgha.
  3613 | D:5      | Reached XP level 8. HP: 70/70 MP: 7/7
  3620 | D:5      | Reached *** piety under Hepliaklqana
  3640 | D:5      | Found a stormy altar of Qazlal.
  3640 | D:5      | Found an opulent altar of Gozag.
  3857 | D:5      | Reached skill level 7 in Maces & Flails
  4373 | D:6      | Noticed Menkaure
  4383 | D:6      | Killed Menkaure
  4503 | D:6      | Noticed Duvessa
  4504 | D:6      | Noticed Dowan
  4552 | D:6      | Killed Duvessa
  4565 | D:6      | Killed Dowan
  4566 | D:6      | Reached XP level 9. HP: 71/78 MP: 8/8
  4618 | D:6      | Reached skill level 8 in Maces & Flails
  4635 | D:6      | Reached skill level 5 in Fighting
  4972 | D:6      | Noticed Edmund
  4980 | D:6      | Killed Edmund
  5026 | D:6      | Found a glowing silver altar of Zin.
  5382 | D:7      | Noticed a +0 dagger
  5383 | D:7      | Found a hide-covered altar of Uskayaw.
  5383 | D:7      | Noticed a +0 dagger
  5404 | D:7      | Reached skill level 5 in Dodging
  5444 | D:7      | Found a shadowy altar of Dithmenos.
  5783 | D:7      | Found a snail-covered altar of Cheibriados.
  5941 | D:7      | Reached **** piety under Hepliaklqana
  5950 | D:7      | Noticed Joseph
  6071 | D:7      | Killed Joseph
  6072 | D:7      | Reached skill level 9 in Maces & Flails
  6240 | D:7      | Found a radiant altar of Vehumet.
  6342 | D:8      | Found Rajoligerch's Jewellery Shop.
  6381 | D:8      | Found a sand-covered staircase.
  6390 | Ossuary  | Entered an ossuary
  6506 | Ossuary  | Reached skill level 1 in Throwing
  6617 | D:8      | Found Xoghip's Jewellery Boutique.
  6640 | D:8      | Found Luiguro's Magic Scroll Emporium.
  6701 | D:8      | Found Qylewkug's Assorted Antiques.
  6769 | D:8      | Reached XP level 10. HP: 71/88 MP: 9/9
  6884 | D:8      | Identified a scroll of acquirement
  6884 | D:8      | Acquired a +2 spectral giant spiked club
  7013 | D:8      | Noticed an ice statue
  7039 | D:8      | Noticed a two-headed ogre
  7043 | D:8      | Killed a two-headed ogre
  7044 | D:8      | Reached skill level 10 in Maces & Flails
  7058 | D:8      | Noticed a two-headed ogre
  7117 | D:8      | Killed a two-headed ogre
  7177 | D:8      | Found Meunoff's General Store.
  7302 | D:8      | Found a sacrificial altar of Ru.
  7799 | D:9      | Found a staircase to the Lair.
  7990 | D:9      | Found a sparkling altar of Nemelex Xobeh.
  8028 | D:9      | Found an ornate altar of the Wu Jian Council.
  8112 | D:9      | Found a runed translucent door.
  8113 | D:9      | Found a runed translucent door.
  8113 | D:9      | Noticed a centaur warrior
  8113 | D:9      | Noticed a two-headed ogre
  8114 | D:9      | Found a runed translucent door.
  8118 | D:9      | Killed a centaur warrior
  8119 | D:9      | Reached skill level 11 in Maces & Flails
  8124 | D:9      | Slain by a two-headed ogre

Illustrated notes

Levels and vault maps discovered:
D:1:      dpeg_arrival_simpleton_a, layout_loops_ring,
          shapermc_ecumenical_altar_mp_ritualfount
D:2:      layout_loops_ring, basic_altar, serial_shops,
          nicolae_shop_overgrown_old_shop, serial_co_window_serial,
          co_window_of_opportunity_a, co_window_paths_b, co_window_paths_b,
          co_window_corner_a, co_window_paths_b, co_window_unsneaky_path_b,
          co_window_paths_c, co_window_2corner, co_window_corner_b,
          co_window_corner_b, co_window_of_opportunity_c, co_window_sun,
          co_window_4corner_a, glass_columns_a, glass_columns_b,
          glass_columns_c, grunt_decor_one_mirror, minmay_tripent
D:3:      layout_loops_ring, nzn_hepliaklqana_mist_gate
D:4:      layout_loops_ring, minmay_temple_entry_stoned_glass, uniq_natasha
D:5:      layout_cave_pods, general_overflow_altar, minitemple
D:6:      layout_loops_ring, mainiacjoe_overflow_brackets, uniq_duvessa,
          uniq_edmund, uniq_menkaure
D:7:      layout_basic, mainiacjoe_overflow_concentric_impassable,
          grunt_dithmenos_smoke_and_mirrors, marbit_many_paths,
          dancing_weapons_uskayaw, kennysheep_generic_room_5, uniq_joseph
D:8:      lemuel_ice_statue, layout_basic, mainiacjoe_overflow_chevrons,
          nicolae_ossuary_entry_ruins, serial_shops, shop,
          nicolae_stop_n_shop_1, shop, nicolae_shop_waterfront,
          nicolae_shop_advertising_works [nicolae_subvault_shop_adworks],
          minmay_starry_boxes
D:9:      minmay_the_grid_triangle_9x9_rhombus_full
          [minmay_the_grid_triangle_9x9_fully_insulated_deathbox,
          minmay_the_grid_triangle_9x9_thin_v,
          minmay_the_grid_triangle_9x9_longest,
          minmay_the_grid_triangle_9x9_swiss_cheese,
          minmay_the_grid_triangle_9x9_alien,
          minmay_the_grid_triangle_9x9_intruding_spiral,
          minmay_the_grid_triangle_9x9_limited_checkers,
          minmay_the_grid_triangle_9x9_prize_top_heavy], layout_rooms,
          nemelex_spade_bored_becter, mainiacjoe_overflow_six_doors_small,
          lair_entry_dummy
Temple:   compressed_dpeg_triangle_lava_temple

Skill      XL: |  1  2  3  4  5  6  7  8  9 10 |
---------------+-------------------------------+-----
Maces & Flails | 3 4 5 6 7 9 11 | 11.2
Dodging        | 3 4 5 6 |  6.4
Fighting       | 3 4 5 6 |  6.3
Stealth        | 2 3 4 |  4.0
Throwing       | 1 |  1.0
Short Blades   | |  0.8
Armour         | |  0.8

Action                   |  1- 3 |  4- 6 |  7- 9 | 10-12 || total
-------------------------+-------+-------+-------+-------++-------
Melee: Mace              |    89 |    50 |       |       ||   139
       Dagger            |     3 |       |       |       ||     3
       Punch             |     1 |     1 |     2 |       ||     4
       Giant club        |       |       |    76 |       ||    76
       Flail             |       |       |   149 |    11 ||   160
       Giant spiked club |       |       |       |    47 ||    47
Throw: Stone             |       |       |     9 |       ||     9
Invok: Ancestor Life: Ba |       |     1 |       |       ||     1
  Use: Scroll            |       |     1 |    15 |     9 ||    25
 Stab: Sleeping          |     4 |     2 |     2 |     1 ||     9
       Distracted        |       |     1 |     6 |     2 ||     9
Armor: Robe              |    28 |    16 |    21 |       ||    65
       Steam dragon scal |       |       |    79 |    26 ||   105
       Acid dragon scale |       |       |       |     7 ||     7
Dodge: Dodged            |    52 |    35 |   181 |    56 ||   324
